MLB
NEW YORK YANKEES @ BOSTON RED SOX
06/14/2020
 
TOP OF THE 1ST
New York Yankees batting - Pitching for Boston Red Sox : RHP Collin McHugh
Pitching: RHP Collin McHugh
Batting: LHB Brett Gardner 0-0: Swinging Strike
0-1: Foul Ball, location: 2F
0-2: SOLO HOME RUN (Flyball, 9D, EV 109.4 MPH), Distance : 419 ft
Batting: RHB DJ LeMahieu 0-0: Called Strike
0-1: SOLO HOME RUN (Line Drive, 7D, EV 95.6 MPH), Distance : 441 ft
Batting: RHB Gleyber Torres 0-0: Ball
1-0: DOUBLE (Line Drive, 8RXD, EV 107.5 MPH)
Batting: RHB Giancarlo Stanton 0-0: Ball
1-0: Foul Ball, location: 2F
1-1: Foul Ball, location: 2F
1-2: Ball
2-2: Ball
3-2: Foul Ball, location: 2F
3-2: SINGLE (Groundball, 56D, EV 105.0 MPH)
Gleyber Torres to third
Runner from 3rd tries for Home, SAFE, throw by LF to home
Batting: RHB Aaron Judge 0-0: Called Strike
0-1: Ball
1-1: Called Strike
1-2: Strikes out swinging
Batting: RHB Luke Voit 0-0: Called Strike
0-1: Called Strike
0-2: Ball
1-2: Ball
2-2: Ball
3-2: Foul Ball, location: 2F
3-2: Strikes out looking
Batting: RHB Gary Sanchez 0-0: Ball
1-0: Ball
2-0: Ball
3-0: Base on Balls
Giancarlo Stanton to second
Batting: RHB Gio Urshela 0-0: Ball
1-0: Fly out, F9 (Flyball, 9LD, EV 97.5 MPH)
Top of the 1st over - 3 runs, 4 hits, 0 errors, 2 left on base; New York 3 - Boston 0
BOTTOM OF THE 1ST
Boston Red Sox batting - Pitching for New York Yankees : RHP Gerrit Cole
Pitching: RHP Gerrit Cole
Batting: RHB Jose Peraza 0-0: Bunt for hit to 13S - play at first, batter OUT! 1-3
Batting: RHB J.D. Martinez 0-0: Ball
1-0: Ball
2-0: Ball
3-0: Called Strike
3-1: Foul Ball, location: 2F
3-2: Fly out, F5 (Popup, 56S, EV 86.9 MPH)
Batting: LHB Rafael Devers 0-0: Called Strike
0-1: DOUBLE (Flyball, 78XD, EV 100.0 MPH)
Batting: LHB Alex Verdugo 0-0: Swinging Strike
0-1: Foul Ball, location: 2F
0-2: SINGLE (Groundball, 2L, EV 65.0 MPH) (infield hit)
Rafael Devers to third
Pinch Runner at 1st Michael Chavis:
Batting: RHB Xander Bogaerts 0-0: Called Strike
0-1: Foul Ball, location: 2F
0-2: Foul Ball, location: 2F
0-2: Foul Ball, location: 2F
0-2: Foul Ball, location: 2F
0-2: Strikes out swinging
Bottom of the 1st over - 0 runs, 2 hits, 0 errors, 2 left on base; New York 3 - Boston 0
TOP OF THE 2ND
New York Yankees batting - Pitching for Boston Red Sox : RHP Collin McHugh
Now in CF: Rusney Castillo
Batting: LHB Mike Tauchman 0-0: Ball
1-0: Ground out 4-3 (Groundball, 4, EV 87.5 MPH)
Batting: LHB Brett Gardner 0-0: Foul Ball, location: 2F
0-1: Ball
1-1: Ball
2-1: Fly out, F7 (Line Drive, 7D, EV 104.4 MPH)
Batting: RHB DJ LeMahieu 0-0: DOUBLE (Flyball, 8RXD, EV 94.4 MPH)
Batting: RHB Gleyber Torres 0-0: Called Strike
0-1: Ball
1-1: Called Strike
1-2: Ground out 5-3 (Groundball, 56S, EV 61.9 MPH)
Top of the 2nd over - 0 runs, 1 hit, 0 errors, 1 left on base; New York 3 - Boston 0
BOTTOM OF THE 2ND
Boston Red Sox batting - Pitching for New York Yankees : RHP Gerrit Cole
Batting: LHB Andrew Benintendi 0-0: Ground out U3 (Groundball, 3, EV 80.0 MPH)
Batting: LHB Mitch Moreland 0-0: Swinging Strike
0-1: Ball
1-1: Ball
2-1: Ground out 4-3 (Groundball, 4, EV 110.0 MPH)
Batting: RHB Kevin Pillar 0-0: Ball
1-0: Fly out, F6 (Line Drive, 6, EV 68.8 MPH)
Bottom of the 2nd over - 0 runs, 0 hits, 0 errors, 0 left on base; New York 3 - Boston 0
TOP OF THE 3RD
New York Yankees batting - Pitching for Boston Red Sox : RHP Collin McHugh
Batting: RHB Giancarlo Stanton 0-0: Called Strike
0-1: Swinging Strike
0-2: Ball
1-2: Ball
2-2: Foul Ball, location: 2F
2-2: Ball
3-2: Base on Balls
Batting: RHB Aaron Judge 0-0: Foul Ball, location: 2F
0-1: Swinging Strike
0-2: Ball
1-2: Ball
2-2: Ball
3-2: Foul Ball, location: 2F
3-2: Base on Balls
Giancarlo Stanton to second
Batting: RHB Luke Voit 0-0: Fly out, F8 (Flyball, 78D, EV 73.8 MPH)
Batting: RHB Gary Sanchez 0-0: Foul Ball, location: 2F
0-1: Foul Ball, location: 2F
0-2: Grounds into double play, 6-4-3 (Groundball, 6, EV 95.6 MPH)
Top of the 3rd over - 0 runs, 0 hits, 0 errors, 1 left on base; New York 3 - Boston 0
BOTTOM OF THE 3RD
Boston Red Sox batting - Pitching for New York Yankees : RHP Gerrit Cole
Batting: RHB Christian Vazquez 0-0: Ball
1-0: Swinging Strike
1-1: Ball
2-1: Swinging Strike
2-2: DOUBLE (Line Drive, 78M, EV 100.0 MPH)
Batting: RHB Jose Peraza 0-0: Fly out, F9 (Line Drive, 9D, EV 86.3 MPH)
Runner from 2nd tags up, SAFE at 3rd, no throw by RF
Batting: RHB J.D. Martinez 0-0: Foul Ball, location: 2F
0-1: Ground out 6-3 (Groundball, 6, EV 79.4 MPH)
Christian Vazquez scores
Batting: LHB Rafael Devers 0-0: Ball
1-0: Ball
2-0: Ball
3-0: Swinging Strike
3-1: Foul Ball, location: 2F
3-2: Ground out 6-3 (Groundball, 4D, EV 108.1 MPH)
Bottom of the 3rd over - 1 run, 1 hit, 0 errors, 0 left on base; New York 3 - Boston 1
TOP OF THE 4TH
New York Yankees batting - Pitching for Boston Red Sox : RHP Collin McHugh
Batting: RHB Gio Urshela 0-0: Ball
1-0: Called Strike
1-1: Called Strike
1-2: Strikes out swinging
Batting: LHB Mike Tauchman 0-0: Called Strike
0-1: DOUBLE (Groundball, 3L, EV 105.6 MPH)
Batting: LHB Brett Gardner 0-0: Foul Ball, location: 2F
0-1: Fly out, F7 (Flyball, 7, EV 89.4 MPH)
Batting: RHB DJ LeMahieu 0-0: Called Strike
0-1: Ball
1-1: Ground out U3 (Groundball, 34S, EV 69.4 MPH)
Top of the 4th over - 0 runs, 1 hit, 0 errors, 1 left on base; New York 3 - Boston 1
BOTTOM OF THE 4TH
Boston Red Sox batting - Pitching for New York Yankees : RHP Gerrit Cole
Batting: RHB Rusney Castillo 0-0: Swinging Strike
0-1: Foul Ball, location: 2F
0-2: Strikes out swinging
Batting: RHB Xander Bogaerts 0-0: Ball
1-0: Foul Ball, location: 2F
1-1: Swinging Strike
1-2: Strikes out looking
Batting: LHB Andrew Benintendi 0-0: Called Strike
0-1: Ground out 5-3 (Groundball, 5, EV 85.6 MPH)
Bottom of the 4th over - 0 runs, 0 hits, 0 errors, 0 left on base; New York 3 - Boston 1
TOP OF THE 5TH
New York Yankees batting - Pitching for Boston Red Sox : RHP Collin McHugh
Batting: RHB Gleyber Torres 0-0: Ball
1-0: Foul Ball, location: 2F
1-1: Called Strike
1-2: Foul Ball, location: 2F
1-2: Foul Ball, location: 2F
1-2: Foul Ball, location: 2F
1-2: Strikes out swinging
Batting: RHB Giancarlo Stanton 0-0: Ball
1-0: Foul Ball, location: 2F
1-1: Ground out 6-3 (Groundball, 6, EV 108.1 MPH)
Batting: RHB Aaron Judge 0-0: Foul Ball, location: 2F
0-1: Foul Ball, location: 2F
0-2: Ball
1-2: Ball
2-2: Ball
3-2: Fly out, F5 (Line Drive, 5, EV 67.5 MPH)
Top of the 5th over - 0 runs, 0 hits, 0 errors, 0 left on base; New York 3 - Boston 1
BOTTOM OF THE 5TH
Boston Red Sox batting - Pitching for New York Yankees : RHP Gerrit Cole
Batting: LHB Mitch Moreland 0-0: Foul Ball, location: 2F
0-1: SINGLE (Line Drive, 9LS, EV 112.5 MPH)
Batting: RHB Kevin Pillar 0-0: Foul Ball, location: 2F
0-1: Fielders Choice at 2nd, 5-4 (Groundball, 5L, EV 78.8 MPH)
Batting: RHB Christian Vazquez 0-0: Foul Ball, location: 2F
0-1: Ball
1-1: Swinging Strike
Kevin Pillar steals 2nd base
1-2: Ball
2-2: Foul Ball, location: 2F
2-2: Strikes out looking
Batting: RHB Jose Peraza 0-0: Fly out, F4 (Flyball, 34D, EV 86.3 MPH)
Bottom of the 5th over - 0 runs, 1 hit, 0 errors, 1 left on base; New York 3 - Boston 1
TOP OF THE 6TH
New York Yankees batting - Pitching for Boston Red Sox : RHP Collin McHugh
Batting: RHB Luke Voit 0-0: Foul Ball, location: 2F
0-1: Foul Ball, location: 2F
0-2: Ball
1-2: Strikes out swinging
Batting: RHB Gary Sanchez 0-0: Reached on error, E4 (Popup, 23, EV 88.1 MPH)
Batting: RHB Gio Urshela 0-0: Fly out, F9 (Flyball, 9D, EV 110.6 MPH)
Batting: LHB Mike Tauchman 0-0: Fly out, F8 (Flyball, 8LXD, EV 94.4 MPH)
Top of the 6th over - 0 runs, 0 hits, 1 error, 1 left on base; New York 3 - Boston 1
BOTTOM OF THE 6TH
Boston Red Sox batting - Pitching for New York Yankees : RHP Gerrit Cole
Batting: RHB J.D. Martinez 0-0: Fly out, F8 (Line Drive, 8RD, EV 90.6 MPH)
Batting: LHB Rafael Devers 0-0: Ball
1-0: Ground out 4-3 (Groundball, 4, EV 96.9 MPH)
Batting: RHB Rusney Castillo 0-0: Ball
1-0: SINGLE (Line Drive, 78S, EV 105.6 MPH)
Batting: RHB Xander Bogaerts 0-0: Ball
1-0: Fly out, F8 (Flyball, 78M, EV 87.5 MPH)
Bottom of the 6th over - 0 runs, 1 hit, 0 errors, 1 left on base; New York 3 - Boston 1
TOP OF THE 7TH
New York Yankees batting - Pitching for Boston Red Sox : RHP Collin McHugh
Batting: LHB Brett Gardner 0-0: Ball
1-0: Foul Ball, location: 2F
1-1: Ball
2-1: Foul Ball, location: 2F
2-2: Strikes out swinging
Batting: RHB DJ LeMahieu 0-0: Ball
1-0: Ball
2-0: Called Strike
2-1: Ball
3-1: Base on Balls
Batting: RHB Gleyber Torres 0-0: Ball
1-0: Ball
2-0: Called Strike
2-1: Ball
3-1: Swinging Strike
3-2: Fly out, F7 (Flyball, 7S, EV 84.4 MPH)
Batting: RHB Giancarlo Stanton 0-0: Ball
1-0: Foul Ball, location: 2F
1-1: Ball
2-1: Fielders Choice at 2nd, 5-4 (Groundball, 56, EV 85.0 MPH)
Top of the 7th over - 0 runs, 0 hits, 0 errors, 1 left on base; New York 3 - Boston 1
BOTTOM OF THE 7TH
Boston Red Sox batting - Pitching for New York Yankees : RHP Gerrit Cole
Batting: LHB Andrew Benintendi 0-0: Foul Ball, location: 2F
0-1: Foul Ball, location: 2F
0-2: Strikes out swinging
Batting: LHB Mitch Moreland 0-0: Ball
1-0: Ball
2-0: SOLO HOME RUN (Flyball, 7D, EV 95.6 MPH), Distance : 401 ft
Batting: RHB Kevin Pillar 0-0: Swinging Strike
0-1: Ball
1-1: Ball
2-1: Foul Ball, location: 2F
2-2: Ground out 5-3 (Groundball, 56, EV 87.5 MPH)
Batting: RHB Christian Vazquez 0-0: Ball
1-0: Fly out, F7 (Line Drive, 7, EV 85.0 MPH)
Bottom of the 7th over - 1 run, 1 hit, 0 errors, 0 left on base; New York 3 - Boston 2
TOP OF THE 8TH
New York Yankees batting - Pitching for Boston Red Sox : RHP Collin McHugh
Pitching: LHP Darwinzon Hernandez
Batting: RHB Aaron Judge 0-0: Swinging Strike
0-1: Foul Ball, location: 2F
0-2: Strikes out looking
Batting: RHB Luke Voit 0-0: Ball
1-0: Ball
2-0: Ball
3-0: Called Strike
3-1: Foul Ball, location: 2F
3-2: Base on Balls
Batting: RHB Gary Sanchez 0-0: Foul Ball, location: 2F
0-1: Ball
1-1: Foul Ball, location: 2F
1-2: Strikes out swinging
Batting: RHB Gio Urshela 0-0: Ball
1-0: Foul Ball, location: 2F
1-1: Ball
2-1: Ball
3-1: Base on Balls
Luke Voit to second
Batting: LHB Mike Tauchman 0-0: SINGLE (Groundball, 34D, EV 98.1 MPH)
Luke Voit to third
Gio Urshela to second
Runner from 3rd tries for Home, SAFE, throw by RF to home
Batting: LHB Brett Gardner 0-0: Ball
1-0: Foul Ball, location: 2F
1-1: Called Strike
1-2: Strikes out swinging
Top of the 8th over - 1 run, 1 hit, 0 errors, 2 left on base; New York 4 - Boston 2
BOTTOM OF THE 8TH
Boston Red Sox batting - Pitching for New York Yankees : RHP Gerrit Cole
Batting: RHB Jose Peraza 0-0: Called Strike
0-1: Swinging Strike
0-2: Fly out, F8 (Flyball, 8RM, EV 88.8 MPH)
Batting: RHB J.D. Martinez 0-0: Ball
1-0: Ball
2-0: Called Strike
2-1: Called Strike
2-2: Ball
3-2: Foul Ball, location: 2F
3-2: Strikes out swinging
Batting: LHB Rafael Devers 0-0: Ball
1-0: Called Strike
1-1: Foul Ball, location: 2F
1-2: Strikes out looking
Bottom of the 8th over - 0 runs, 0 hits, 0 errors, 0 left on base; New York 4 - Boston 2
TOP OF THE 9TH
New York Yankees batting - Pitching for Boston Red Sox : LHP Darwinzon Hernandez
Batting: RHB DJ LeMahieu 0-0: Ball
1-0: Swinging Strike
1-1: Ball
2-1: Foul Ball, location: 2F
2-2: Foul Ball, location: 2F
2-2: Strikes out swinging
Batting: RHB Gleyber Torres 0-0: Foul Ball, location: 2F
0-1: Foul Ball, location: 2F
0-2: Fly out, F8 (Flyball, 8RD, EV 106.9 MPH)
Batting: RHB Giancarlo Stanton 0-0: Called Strike
0-1: Foul Ball, location: 2F
0-2: Ball
1-2: Foul Ball, location: 2F
1-2: Strikes out swinging
Top of the 9th over - 0 runs, 0 hits, 0 errors, 0 left on base; New York 4 - Boston 2
BOTTOM OF THE 9TH
Boston Red Sox batting - Pitching for New York Yankees : RHP Gerrit Cole
Pitching: LHP Aroldis Chapman
Now at SS: Tyler Wade
Batting: RHB Rusney Castillo 0-0: Called Strike
0-1: Ball
1-1: Foul Ball, location: 2F
1-2: Foul Ball, location: 2F
1-2: Strikes out looking
Batting: RHB Xander Bogaerts 0-0: Swinging Strike
0-1: Foul Ball, location: 2F
0-2: Strikes out swinging
Batting: LHB Andrew Benintendi 0-0: Foul Ball, location: 2F
0-1: Ball
1-1: Ground out 1-3 (Groundball, 15S, EV 70.6 MPH)
Bottom of the 9th over - 0 runs, 0 hits, 0 errors, 0 left on base; New York 4 - Boston 2
Saturday, June 20th, 2020 - OOTP Baseball 21.4 Build 63